 Dungeon Crawl Stone Soup version 0.30-a0-591-g3c58d2bc28 (webtiles) character file.

Game seed: 4693536611187417825

73590 arthad the Spry (level 15, -4/72 HPs)
             Began as a Felid Summoner on Jan 4, 2023.
             Was an Initiate of Gozag.
             Slain by an entropy weaver (15 damage)
             ... on level 2 of the Spider Nest on Jan 6, 2023.
             The game lasted 03:51:38 (44811 turns).

arthad the Spry (Felid Summoner)                   Turns: 44811, Time: 03:51:39

Health: -4/72      AC:  3    Str:  4    XL:     15   Next: 4%
Magic:  0/31       EV: 33    Int: 28    God:    Gozag
Gold:   2200       SH:  5    Dex: 24    Spells: 2/37 levels left
                                        Lives:  0   Deaths: 3

rFire   + . .      SeeInvis +      - Unarmed
rCold   + . .      Faith    .    (shield unavailable)
rNeg    . . .      Spirit   .    (body armour unavailable)
rPois   .          Reflect  +    (helmet unavailable)
rElec   .          Harm     .    (cloak unavailable)
rCorr   .          Rampage  .    (gloves unavailable)
Will    ++...                    (boots unavailable)
Stlth   +++                      G - amulet of reflection
HPRegen 0.32/turn                H - ring of wizardry
MPRegen 0.22/turn                r - ring of the Centipede {rF+ Int+5 Dex+6}

@: slowed, slow
A: very small, claws 1, fangs 3, see invisible, speed 1, shaggy fur 3, stealthy
paws, no weapons or thrown items, no armour, multi-lived
a: Renounce Religion, Potion Petition, Call Merchant, Bribe Branch


You were on level 2 of the Spider Nest.
You worshipped Gozag.
Gozag was most pleased with you.
You visited 6 branches of the dungeon, and saw 29 of its levels.
You visited the Abyss 1 time.

You collected 10440 gold pieces.
You spent 4165 gold pieces at shops.
You paid 4075 gold pieces to Gozag.

Inventory:

Hand Weapons
 J - the +8 rapier "Kiecebb" {venom, Contam rC+ Str+7 SInv}
   (You found it on level 7 of the Dungeon)

   Str:       It affects your strength (+7).
   rC:        It protects you from cold.
   SInv:      It lets you see invisible.
   Contam:    It causes magical contamination when unequipped.
Jewellery
 d - an amulet of the acrobat
 f - a ring of flight
 i - the ring of Descent {rN+ rCorr SInv}
   (You took it off a meliai on level 13 of the Dungeon)

   [ring of resist corrosion]

   rN:        It protects you from negative energy.
   SInv:      It lets you see invisible.
   rCorr:     It protects you from acid and corrosion.
 l - a ring of protection from fire
 r - the ring of the Centipede (right paw) {rF+ Int+5 Dex+6}
   (You bought it in a shop on level 3 of the Lair of Beasts)

   [ring of dexterity]

   Int:       It affects your intelligence (+5).
   Dex:       It affects your dexterity (+6).
   rF:        It protects you from fire.
 y - a ring of willpower
 F - the ring "Igateh" {rF++ Dex+6}
   (You found it on level 6 of the Dungeon)

   [ring of dexterity]

   Dex:       It affects your dexterity (+6).
   rF:        It greatly protects you from fire.
 G - an amulet of reflection (around neck)
 H - a ring of wizardry (left paw)
 O - a +6 ring of strength
 S - a +4 ring of protection
 T - a ring of magical power
Wands
 j - a wand of charming (18)
 m - a wand of light (6)
 p - a wand of digging (22)
 I - a wand of polymorph (18)
 K - a wand of iceblast (18)
 N - a wand of flame (13)
Scrolls
 e - a scroll of fear
 g - 6 scrolls of teleportation
 h - a scroll of enchant armour
 k - 5 scrolls of amnesia
 s - 2 scrolls of magic mapping
 v - 5 scrolls of identify
 C - 6 scrolls of immolation
 D - 4 scrolls of poison
 E - a scroll of silence
 L - 4 scrolls of vulnerability
 P - 3 scrolls of brand weapon
 Q - a scroll of butterflies
 U - a scroll of enchant weapon
 X - a scroll of torment
 Y - a scroll of noise
Potions
 a - 2 potions of magic
 b - 11 potions of curing
 c - 7 potions of attraction
 n - 4 potions of haste
 o - 7 potions of brilliance
 q - a potion of invisibility
 t - 2 potions of ambrosia
 u - 3 potions of lignification
 w - 2 potions of berserk rage
 z - 2 potions of might
 A - 4 potions of flight
 B - 3 potions of mutation
 M - 5 potions of cancellation
 R - 2 potions of resistance
 W - a potion of degeneration
Miscellaneous
 V - a box of beasts


   Skills:
 + Level 11.6 Fighting
 + Level 15.0 Dodging
 - Level 2.6 Stealth
 - Level 6.6 Unarmed Combat
 - Level 11.5 Spellcasting
 - Level 5.0 Hexes
 + Level 14.8 Summonings
 + Level 13.6 Translocations
 * Level 11.7 Transmutations
 - Level 10.0 Air Magic
 - Level 5.4 Evocations


You had 2 spell levels left.
You knew the following spells:

 Your Spells              Type           Power      Damage    Failure   Level
a - Malign Gateway        Summ/Tloc      38%        N/A       3%          7
c - Call Canine Familiar  Summ           78%        N/A       0%          3
d - Summon Guardian Gole  Hex/Summ       64%        N/A       1%          3
e - Summon Lightning Spi  Summ/Air       72%        N/A       1%          4
f - Inner Flame           Hex/Fire       30%        N/A       1%          3
g - Manifold Assault      Tloc           75%        N/A       1%          4
h - Summon Ice Beast      Ice/Summ       55%        N/A       1%          4
i - Silence               Hex/Air        27%        N/A       1%          5
j - Blink                 Tloc           100%       N/A       0%          2

Your spell library contained the following spells:

 Spells                   Type           Power      Damage    Failure   Level
 Summon Small Mammal      Summ           100%       N/A       0%          1
 Call Imp                 Summ           78%        N/A       0%          2
 Beastly Appendage        Tmut           100%       N/A       1%          1
 Magic Dart               Conj           64%        1d6       1%          1
 Shock                    Conj/Air       100%       1d9       1%          1
 Wereblood                Tmut           70%        N/A       1%          2
 Searing Ray              Conj           32%        2d5       2%          2
 Dazzling Flash           Conj/Hex       60%        N/A       1%          3
 Gell's Gravitas          Tloc           75%        N/A       1%          3
 Kindle Blastsparks       Fire/Tloc/Air  100%       2d18      1%          3
 Mephitic Cloud           Conj/Pois/Air  34%        N/A       1%          3
 Spider Form              Tmut/Pois      49%        N/A       1%          3
 Swiftness                Air            64%        N/A       1%          3
 Teleport Other           Tloc           75%        N/A       1%          3
 Tukima's Dance           Hex            44%        N/A       1%          3
 Airstrike                Air            32%        2d(5-21)  1%          4
 Cause Fear               Hex            22%        N/A       1%          4
 Iskenderun's Mystic Bla  Conj/Tloc      53%        2d11      1%          4
 Passage of Golubria      Tloc           75%        N/A       1%          4
 Blade Hands              Tmut           35%        N/A       1%          5
 Yara's Violent Unravell  Hex/Tmut       29%        3d12      1%          5
 Dispersal                Tloc           37%        N/A       1%          6
 Ozocubu's Armour         Ice            16%        N/A       4%          3
 Fulminant Prism          Conj/Hex       15%        3d10      4%          4
 Leda's Liquefaction      Hex/Erth       15%        N/A       4%          4
 Lightning Bolt           Conj/Air       22%        1d37      4%          5
 Dragon Form              Tmut           35%        N/A       10%         7
 Flame Wave               Conj/Fire      16%        2d7       14%         4
 Sticky Flame             Conj/Fire      16%        2d4       14%         4
 Statue Form              Tmut/Erth      32%        N/A       19%         6
 Summon Horrible Things   Summ           39%        N/A       21%         8
 Agony                    Necr           16%        N/A       34%         5
 Borgnjor's Vile Clutch   Necr/Erth      8%         N/A       34%         5
 Iskenderun's Battlesphe  Conj           16%        2d7       34%         5
 Lee's Rapid Deconstruct  Erth           8%         3d7*      34%         5
 Spellforged Servitor     Conj/Summ      27%        N/A       45%         7
 Iron Shot                Conj/Erth      8%         9d3       88%         6
 Dragon's Call            Summ           39%        N/A       95%         9
 Ozocubu's Refrigeration  Ice            8%         4d9       100%        7
 Discord                  Hex            22%        N/A       100%        8
 Animate Armour           Summ/Erth      Unusable   N/A       N/A         4

Dungeon Overview and Level Annotations

Branches:
Dungeon (15/15)            Temple (1/1) D:5            Lair (5/5) D:10
  Swamp (4/4) Lair:3       Spider (2/4) Lair:2        Slime (0/5) Lair:4
    Orc (2/2) D:12            Elf (0/3) Orc:2        Vaults (0/5) D:14
 Depths (0/4) D:15

Altars:
Ashenzari
Cheibriados
Dithmenos
Elyvilon
Fedhas
Gozag
Hepliaklqana
Kikubaaqudgha
Makhleb
Nemelex Xobeh
Okawaru
Qazlal
Ru
Sif Muna
Trog
Uskayaw
Vehumet
Wu Jian
Xom
Yredelemnul
Zin
The Shining One
Jiyva

Shops:
D:3 (   D:5 [   D:14 :?   Orc:1 !   Orc:2 ?=!*   Lair:3 :=

Annotations:
Lair:5 2 runed translucent doors
Swamp:4 Mlioglotl
Spider:1 Roxanne


Innate Abilities, Weirdness & Mutations

You have sharp claws.
You have razor-sharp teeth.
You have supernaturally acute eyesight. (SInv)
You cover ground quickly. (Speed+)
Your thick and shaggy fur keeps you warm. (AC +3, rC+)
Your paws help you pounce on unaware monsters.
You are incapable of wielding weapons or throwing items.
You cannot wear armour.
You gain extra lives every three experience levels.


Message History

You barely miss the sun moth. You claw the entropy weaver!
The tarantella touches your ice beast!
Your ice beast dies!
Your ice beast disappears in a puff of smoke!
The sun moth throws energy at you. The bolt of energy misses you.
Your warg bites the sun moth but does no damage.
The sun moth misses you.
Casting: Manifold Assault (safe; 1% risk of failure)
Confirm with . or Enter, or press ? or * to list all spells.
You don't have enough magic to cast this spell.
Casting: Manifold Assault (safe; 1% risk of failure)
Confirm with . or Enter, or press ? or * to list all spells.
Okay, then.
Casting: Manifold Assault (safe; 1% risk of failure)
Confirm with . or Enter, or press ? or * to list all spells.
You blink.
A pharaoh ant and a redback come into view.
The pharaoh ant gives a chilling moan.
You feel yourself speed up.
A redback comes into view.
Something closely misses your warg. Something touches your warg!
Your warg appears confused.
Being near the torpor snail leaves you feeling lethargic.
You block the pharaoh ant's attack.
The entropy weaver completely misses you. x3
The entropy weaver hits you!
* * * LOW HITPOINT WARNING * * *
You feel better. Something bites your warg!!
Your warg dies!
Your warg's corpse disappears in a puff of smoke!
The pharaoh ant completely misses you.
The tarantella touches your guardian golem.
You block the entropy weaver's attack. The entropy weaver hits you!
* * * LOW HITPOINT WARNING * * *
The entropy weaver hits you.
* * * LOW HITPOINT WARNING * * *
The entropy weaver hits you!
You die...
Your body crumbles into a pile of gold.

. . # .## ..#. .... ..... #...
...####...## ### #..#.#....
##.# #.sB...## #..# #s@.^.# #
. ...# #.B#### ##.#^^ #..# $
##..#.###.#...# .^.####
.....#.#.....# #..#..#
.##.)#....# $ #..<.###
..#......#### #
##..##.##########.##§9##(.# .#
##..##...#...#..###.sw#..##..#
#....#..###..##...###§...$...#


You could see an entropy weaver (ally target), a torpor snail, a pharaoh ant, a
tarantella (distracted), 2 redbacks and a friendly guardian golem (summoned,
slow).

Vanquished Creatures
  Asterion (Spider:1)
  A fenstrider witch (Swamp:2)
  A goliath frog (Swamp:2)
  A deep elf pyromancer (D:14)
  A manticore (D:13)
  An elephant (Lair:2)
  2 molten gargoyles (Lair:5)
  A black mamba (Lair:4)
  An efreet (D:13)
  A torpor snail (Lair:2)
  A komodo dragon (Lair:3)
  6 tarantellas
  A hornet (Swamp:1)
  2 blink frogs
  A spriggan (Swamp:1)
  A swamp worm simulacrum (Swamp:4)
  A warg (Orc:1)
  An orc warrior (Orc:2)
  A black bear (D:4)
  5 wolves (Lair:3)
  A centaur (Orc:2)
  4 killer bees
  3 electric eels
  A hound (D:4)
  3 orc wizards
  Ijyb (D:3)
  An adder (D:2)
  4 orcs (Orc:2)
  A goblin (D:1)
  A hobgoblin (D:1)
  3 kobolds
  A hobgoblin zombie (D:12)
55 creatures vanquished.

Vanquished Creatures (collateral kills)
  Bai Suzhen (Swamp:3)
  Jorgrun (D:12)
  Gastronok (D:12)
  A tengu reaver (D:13)
  4 fenstrider witches
  An emperor scorpion (D:15)
  6 eleionomae
  2 bunyips
  A dire elephant (D:15)
  A yaktaur captain (D:13)
  8 hydras
  A vault guard (D:14)
  A ghost crab (Swamp:2)
  4 centaur warriors
  5 alligators
  4 boulder beetles
  3 death yaks (D:10)
  3 two-headed ogres
  A sun moth (Spider:2)
  A pharaoh ant (Spider:2)
  3 goliath frogs
  A spriggan druid (Swamp:4)
  A swamp dragon (Swamp:3)
  2 orb spiders
  2 wizards (D:14)
  Pikel (D:7)
  2 orc knights
  2 deep elf pyromancers
  A steelbarb worm (Spider:1)
  2 will-o-the-wisps (Swamp:3)
  5 oklob plants
  2 orc sorcerers
  5 cyclopes
  7 ugly things
  5 manticores
  2 wolf spiders (Spider:2)
  8 elephants
  A salamander (D:15)
  2 black mambas
  Maurice (D:11)
  A molten gargoyle (Lair:5)
  An orange demon (Lair:2)
  9 cane toads
  A demonic crawler (Spider:1)
  Maggie (Lair:1)
  An unseen horror zombie (D:9)
  7 komodo dragons
  A kobold demonologist (D:11)
  Psyche (D:9)
  A rime drake (Lair:2)
  A tengu conjurer (D:15)
  2 efreet (D:15)
  A yaktaur (shapeshifter) (D:13)
  5 meliai
  4 hornets
  7 trolls
  2 queen bees
  8 tarantellas
  4 tyrant leeches
  20 blink frogs
  6 dream sheep (Lair:4)
  10 jumping spiders
  4 shadows
  A vampire (D:10)
  5 culicivoras
  4 spriggans
  A basilisk (Lair:5)
  10 wyverns
  16 humans (D:14)
  2 wraiths
  2 hogs (D:15)
  22 yaks
  11 vampire mosquitoes
  8 redbacks (Spider:2)
  2 steam dragons
  A swamp worm simulacrum (Swamp:4)
  4 wargs
  2 acid dragons
  7 swamp worms
  7 water moccasins
  2 hell hounds (Lair:5)
  A two-headed ogre zombie (D:12)
  A swamp drake (Swamp:1)
  A floating eye (D:11)
  38 orc warriors
  2 black bears
  15 wolves
  5 ogres
  17 centaurs
  6 kobold brigands
  Blork the orc (D:4)
  A wyvern zombie (D:9)
  11 bullfrogs
  2 necrophages
  2 gnoll sergeants (D:11)
  A scorpion (D:5)
  3 wights (D:9)
  3 troll zombies (D:12)
  38 killer bees
  2 howler monkeys
  4 lava snakes (Lair:5)
  3 jellies
  16 orc priests
  4 hounds
  2 centaur zombies (D:9)
  5 iguanas
  18 orc wizards
  4 hell rats (Lair:1)
  3 ogre zombies (D:12)
  A howler monkey zombie (D:9)
  7 gnolls
  4 adders
  4 ufetubi
  A swamp drake simulacrum (Swamp:4)
  2 worms
  A dart slug (D:3)
  69 orcs
  2 endoplasms (D:2)
  2 giant cockroaches
  7 goblins
  2 hobgoblins
  2 quokkas
  6 ball pythons
  7 bats (D:1)
  2 frilled lizards (D:1)
  2 goblin zombies (D:12)
  5 hobgoblin zombies (D:12)
  18 kobolds
  2 orc skeletons (D:12)
  12 orc zombies (D:12)
  2 rats (D:1)
679 creatures vanquished.

Vanquished Creatures (others)
  Arachne (Spider:2)
  3 eldritch tentacles
  Kirke (D:15)
  2 fenstrider witches
  Louise (D:15)
  An eleionoma (Swamp:2)
  A vault guard (D:14)
  A ghost crab (Swamp:1)
  4 hydras
  5 centaur warriors
  A two-headed ogre (D:13)
  3 boulder beetles
  3 death yaks (D:10)
  2 alligators (Swamp:3)
  A spriggan (Swamp:3)
  Amaemon (Lair:2)
  A pharaoh ant (Spider:1)
  A goliath frog (Swamp:4)
  A lindwurm (Lair:5)
  2 necromancers (D:14)
  2 wolf spiders
  3 cyclopes
  A deep elf pyromancer (D:15)
  3 manticores
  4 ugly things
  A will-o-the-wisp (Swamp:4)
  Joseph (D:7)
  5 elephants
  A torpor snail (Spider:1)
  4 black mambas (Lair:5)
  2 cane toads (Lair:3)
  An unseen horror zombie (D:9)
  A freezing wraith (D:15)
  2 unseen horrors (D:11)
  3 trolls
  2 tarantellas (Spider:2)
  3 bloated husks
  4 meliai
  3 tyrant leeches
  A polar bear (Lair:2)
  3 blink frogs
  A dream sheep (Lair:4)
  2 hornets
  2 jumping spiders
  4 culicivoras
  A shadow (D:12)
  5 yaks
  3 wraiths
  A vampire (D:13)
  A yak (shapeshifter) (D:13)
  2 wyverns (Lair:5)
  A basilisk (Lair:5)
  A steam dragon (D:7)
  A redback (Spider:2)
  5 vampire mosquitoes
  5 swamp worms
  3 wargs (Orc:2)
  An acid dragon (D:11)
  A water moccasin (Lair:4)
  A hell hound (Lair:5)
  A black bear (D:6)
  2 ogres
  2 ice beasts (D:6)
  3 orc warriors
  5 humans
  A wolf (Lair:3)
  3 centaurs
  5 wights
  10 killer bees
  A troll zombie (D:12)
  A hound (D:6)
  An orc wizard (D:11)
  2 gnolls (D:11)
  An ufetubus (D:3)
  2 orcs (Orc:2)
  A goblin skeleton (D:12)
  A kobold (D:7)
  2 orc zombies (D:12)
  30 foxfires
  32 fungi
  93 plants
  4 tentacles (Abyss:4)
  5 withered plants (D:9)
335 creatures vanquished.

Grand Total: 1069 creatures vanquished

Notes
Turn   | Place    | Note
-------+----------+-------------------------------------------
     0 | D:1      | arthad the Felid Summoner began the quest for the Orb.
     0 | D:1      | Reached XP level 1. HP: 7/7 MP: 4/4
   365 | D:1      | Reached XP level 2. HP: 11/11 MP: 3/6
   529 | D:1      | Learned a level 2 spell: Call Imp
  1035 | D:2      | Reached skill level 5 in Summonings
  1035 | D:2      | Reached XP level 3. HP: 10/14 MP: 4/7
  1180 | D:2      | Found a faded altar of an unknown god.
  1935 | D:3      | Found an iron altar of Okawaru.
  1936 | D:3      | Found a broken altar of Ashenzari.
  2139 | D:3      | Found Nirr's Weapon Shoppe.
  2894 | D:3      | Noticed Ijyb
  2946 | D:3      | Killed Ijyb
  2947 | D:3      | Reached XP level 4. HP: 13/18 MP: 1/8
  3222 | D:3      | Found a shimmering blue altar of Sif Muna.
  3235 | D:4      | Learned a level 3 spell: Call Canine Familiar
  3329 | D:4      | Found a stormy altar of Qazlal.
  3377 | D:4      | Reached skill level 1 in Hexes
  3540 | D:4      | Noticed a black bear
  3551 | D:4      | Killed a black bear
  3552 | D:4      | Reached skill level 3 in Dodging
  3552 | D:4      | Reached XP level 5. HP: 21/21 MP: 2/9
  3629 | D:4      | Noticed Blork the orc
  3637 | D:4      | Killed Blork the orc
  3638 | D:4      | Reached skill level 1 in Fighting
  3638 | D:4      | Reached skill level 1 in Air Magic
  3638 | D:4      | Gained mutation: You are covered in thick fur. (AC +2)
                  | [Felid growth]
  3638 | D:4      | Reached XP level 6. HP: 20/25 MP: 7/10
  4195 | D:5      | Entered Level 5 of the Dungeon
  4245 | D:5      | Found a staircase to the Ecumenical Temple.
  4272 | Temple   | Entered the Ecumenical Temple
  4341 | Temple   | Became a worshipper of Gozag Ym Sagoz the Greedy
  4449 | D:5      | Found Yhudgh Sopa's Antique Armour Boutique.
  4487 | D:5      | Learned a level 3 spell: Summon Guardian Golem
  4503 | D:5      | Found a glowing golden altar of the Shining One.
  4672 | D:5      | Reached XP level 7. HP: 30/30 MP: 3/12
  4767 | D:5      | Found a white marble altar of Elyvilon.
  4865 | D:5      | Reached skill level 4 in Dodging
  5300 | D:5      | Found a blossoming altar of Fedhas.
  5476 | D:6      | Reached skill level 5 in Hexes
  5848 | D:6      | Reached XP level 8. HP: 34/34 MP: 6/14
  6238 | D:6      | Identified the ring "Igateh" {rF++ Dex+6}
  6427 | D:6      | Learned a level 4 spell: Summon Lightning Spire
  6547 | D:6      | Reached skill level 5 in Dodging
  7335 | D:7      | Reached XP level 9. HP: 38/38 MP: 5/17
  7551 | D:7      | Found a burning altar of Makhleb.
  7808 | D:7      | Found a sparkling altar of Nemelex Xobeh.
  7911 | D:7      | Found a bloodstained altar of Trog.
  7922 | D:7      | Reached skill level 5 in Spellcasting
  7933 | D:7      | Reached skill level 6 in Dodging
  8135 | D:7      | Identified the +8 rapier "Kiecebb" {venom, Contam rC+ Str+7
                  | SInv}
  8250 | D:7      | Noticed Pikel
  8256 | D:7      | Noticed Joseph
  8269 | D:7      | Killed Pikel
  8270 | D:7      | Reached skill level 5 in Air Magic
  8299 | D:7      | Killed Joseph
  9053 | D:8      | Reached XP level 10. HP: 43/43 MP: 15/20
  9507 | D:8      | Found a hide-covered altar of Uskayaw.
  9631 | D:8      | Found a shimmering altar of Xom.
  9762 | D:9      | Found an ancient bone altar of Kikubaaqudgha.
  9868 | D:9      | Noticed Psyche
  9886 | D:9      | Killed Psyche
  9887 | D:9      | Reached skill level 7 in Dodging
 10147 | D:9      | Reached skill level 5 in Fighting
 11368 | D:10     | Entered Level 10 of the Dungeon
 11457 | D:10     | Noticed a death yak
 11457 | D:10     | Noticed a death yak
 11458 | D:10     | Noticed a death yak
 11459 | D:10     | Noticed a two-headed ogre
 11462 | D:10     | Noticed a death yak
 11463 | D:10     | Noticed a death yak
 11464 | D:10     | Noticed a death yak
 11466 | D:10     | Noticed a two-headed ogre
 11473 | D:10     | Reached skill level 10 in Summonings
 11484 | D:10     | Killed a death yak
 11490 | D:10     | Killed a two-headed ogre
 11491 | D:10     | Reached skill level 8 in Dodging
 11491 | D:10     | Reached XP level 11. HP: 31/48 MP: 1/23
 11648 | D:10     | Killed a death yak
 11916 | D:10     | Killed a death yak
 11921 | D:10     | Killed a death yak
 12073 | D:10     | Found a radiant altar of Vehumet.
 12111 | D:10     | Found a staircase to the Lair.
 12125 | D:10     | Killed a death yak
 12133 | D:10     | Killed a death yak
 12434 | D:10     | Found a sacrificial altar of Ru.
 12476 | D:10     | Killed a two-headed ogre
 13385 | D:11     | Noticed Maurice
 13403 | D:11     | Killed Maurice
 13404 | D:11     | Reached skill level 9 in Dodging
 13950 | D:11     | Gained mutation: Your thick and shaggy fur keeps you warm.
                  | (AC +3, rC+) [Felid growth]
 13950 | D:11     | Reached XP level 12. HP: 53/53 MP: 4/25
 14170 | D:11     | Paralysed by a floating eye for 3 turns
 15668 | D:12     | Noticed Jorgrun
 15683 | D:12     | Killed Jorgrun
 15704 | D:12     | Reached skill level 10 in Dodging
 16056 | D:12     | Found a staircase to the Orcish Mines.
 16088 | D:12     | Noticed Gastronok
 16156 | D:12     | Killed Gastronok
 16480 | D:12     | Noticed a boulder beetle
 16499 | D:12     | Killed a boulder beetle
 16575 | D:12     | Learned a level 3 spell: Inner Flame
 17185 | D:13     | Noticed a centaur warrior
 17193 | D:13     | Killed a centaur warrior
 17215 | D:13     | Noticed a boulder beetle
 17232 | D:13     | Reached skill level 10 in Spellcasting
 17232 | D:13     | Reached skill level 1 in Evocations
 17275 | D:13     | Killed a boulder beetle
 17307 | D:13     | Reached XP level 13. HP: 54/58 MP: 4/28
 17603 | D:13     | Reached skill level 10 in Air Magic
 18290 | D:13     | Reached skill level 11 in Dodging
 18584 | D:13     | Noticed a tengu reaver
 18585 | D:13     | Identified the ring of Descent {rN+ rCorr SInv}
 18871 | D:13     | Killed a tengu reaver
 19823 | D:14     | Found a frozen archway.
 20067 | D:14     | Bought a book of the Dragon for 644 gold pieces
 20067 | D:14     | Bought Solluny's Wizard's Wisdom and You for 420 gold
                  | pieces
 20072 | D:14     | Learned a level 4 spell: Manifold Assault
 20277 | D:14     | Reached skill level 1 in Translocations
 20306 | D:14     | Reached skill level 1 in Transmutations
 20336 | D:14     | Reached skill level 1 in Unarmed Combat
 20339 | Abyss:2  | Cast into level 2 of the Abyss (a wizard)
 20455 | Abyss:3  | Found a corrupted altar of Lugonu.
 20455 | Abyss:3  | Found a corrupted altar of Lugonu.
 20507 | Abyss:4  | Found a corrupted altar of Lugonu.
 20550 | Abyss:4  | Found a corrupted altar of Lugonu.
 20582 | Abyss:4  | Noticed a kraken
 20587 | Abyss:4  | Noticed a lich
 20642 | Abyss:4  | Noticed a starcursed mass
 20691 | Abyss:4  | Found a corrupted altar of Lugonu.
 20701 | D:14     | Escaped the Abyss
 20741 | D:14     | Found a gate to the Vaults.
 20756 | D:14     | Reached skill level 5 in Evocations
 21080 | D:14     | Reached skill level 12 in Dodging
 21080 | D:14     | Reached XP level 14. HP: 64/64 MP: 20/29
 21911 | D:14     | Learned a level 4 spell: Summon Ice Beast
 21917 | D:14     | Learned a level 5 spell: Silence
 21930 | D:15     | Entered Level 15 of the Dungeon
 21945 | D:15     | Found a shimmering altar of Xom.
 21946 | D:15     | Found a shimmering altar of Xom.
 21948 | D:15     | Found a shimmering altar of Xom.
 21948 | D:15     | Found a shimmering altar of Xom.
 21949 | D:15     | Found a shimmering altar of Xom.
 21992 | D:15     | Shot with an arrow by a centaur warrior
 21993 | D:15     | Reached XP level 13. HP: -11/60 MP: 14/28
 22099 | D:15     | Noticed Louise
 22139 | D:15     | Killed Louise
 22283 | D:15     | Noticed Kirke
 22314 | D:15     | Killed Kirke
 22566 | D:15     | HP: 2/60 [deep elf pyromancer/bolt of fire (35)]
 22766 | D:14     | Upgraded the game from 0.30-a0-586-g23e55c9e0a to
                  | 0.30-a0-591-g3c58d2bc28
 22899 | D:15     | Reached skill level 5 in Translocations
 23411 | D:15     | Noticed an emperor scorpion
 23682 | D:15     | Noticed a dire elephant
 23709 | D:15     | Killed a dire elephant
 23731 | D:15     | Killed an emperor scorpion
 23830 | D:15     | Found a staircase to the Depths.
 24463 | Lair:1   | Entered Level 1 of the Lair of Beasts
 24520 | Lair:1   | Reached skill level 5 in Transmutations
 24677 | Lair:1   | Identified the +1 leather armour of Qazlal, Teaching
                  | {rElec}
 25072 | Lair:1   | Found an iron altar of Okawaru.
 25260 | Lair:1   | Noticed Maggie
 25266 | Lair:1   | Killed Maggie
 25952 | Lair:2   | Noticed Amaemon
 25965 | Lair:2   | Killed Amaemon
 26262 | Lair:2   | Found a hole to the Spider Nest.
 26285 | Lair:2   | Reached XP level 14. HP: 65/65 MP: 13/29
 27085 | Lair:2   | Reached skill level 13 in Dodging
 27515 | Lair:2   | Reached skill level 10 in Fighting
 28388 | Lair:3   | Found a staircase to the Swamp.
 28805 | Lair:3   | Reached skill level 5 in Unarmed Combat
 29712 | Lair:4   | Reached skill level 10 in Translocations
 30429 | Lair:4   | Found a staircase to the Slime Pits.
 30429 | Lair:4   | Found a viscous altar of Jiyva.
 30932 | Lair:5   | Entered Level 5 of the Lair of Beasts
 32322 | Lair:5   | Reached XP level 15. HP: 70/70 MP: 21/30
 32478 | Lair:5   | Found a large runed translucent door.
 32478 | Lair:5   | Found a large runed translucent door.
 33542 | Orc:1    | Entered Level 1 of the Orcish Mines
 33660 | Orc:1    | Found Noxiov's Distillery.
 33721 | Orc:1    | Bought a potion of curing for 33 gold pieces
 33721 | Orc:1    | Bought a potion of curing for 33 gold pieces
 33721 | Orc:1    | Bought a potion of curing for 33 gold pieces
 33721 | Orc:1    | Bought a potion of heal wounds for 55 gold pieces
 33721 | Orc:1    | Bought a potion of curing for 33 gold pieces
 33803 | Orc:2    | Entered Level 2 of the Orcish Mines
 35621 | Orc:2    | Found a staircase to the Elven Halls.
 36050 | Orc:2    | Found Laozah's Distillery.
 36050 | Orc:2    | Found Riehaf's Jewellery Emporium.
 36052 | Orc:2    | Found Dypogy's Magic Scroll Shoppe.
 36054 | Orc:2    | Found Esiki Kua's Assorted Antiques.
 36058 | Orc:2    | Bought a potion of curing for 42 gold pieces
 36058 | Orc:2    | Bought a potion of curing for 42 gold pieces
 36058 | Orc:2    | Bought a potion of magic for 112 gold pieces
 36058 | Orc:2    | Bought a potion of curing for 42 gold pieces
 36058 | Orc:2    | Bought a potion of cancellation for 112 gold pieces
 36058 | Orc:2    | Bought a potion of cancellation for 112 gold pieces
 36853 | Swamp:1  | Entered Level 1 of the Swamp
 36947 | Lair:3   | Bought the ring of the Centipede {rF+ Int+5 Dex+6} for 786
                  | gold pieces
 36952 | Lair:3   | Bought Great Wizards, Vol. VII for 510 gold pieces
 36952 | Lair:3   | Bought a Grand Grimoire for 578 gold pieces
 36952 | Lair:3   | Bought Fatyczy's Lessons on Displaced Cadavers for 578 gold
                  | pieces
 36955 | Lair:3   | Learned a level 2 spell: Blink
 37059 | Swamp:1  | Reached skill level 14 in Dodging
 38415 | Swamp:2  | Noticed a fenstrider witch
 38418 | Swamp:2  | Noticed a fenstrider witch
 38423 | Swamp:2  | Killed a fenstrider witch
 38434 | Swamp:2  | Killed a fenstrider witch
 39056 | Swamp:2  | Reached skill level 10 in Transmutations
 39278 | Swamp:2  | Learned a level 7 spell: Malign Gateway
 39652 | Swamp:2  | Noticed a fenstrider witch
 39659 | Swamp:2  | Killed a fenstrider witch
 39666 | Swamp:2  | Noticed a fenstrider witch
 39694 | Swamp:2  | Demolished by an eldritch tentacle
 39695 | Swamp:2  | Reached XP level 14. HP: -14/63 MP: 20/29
 39795 | Swamp:2  | Killed a fenstrider witch
 40107 | Swamp:3  | Noticed Bai Suzhen
 40214 | Swamp:3  | HP: 3/67 [swamp dragon] (9)]
 40214 | Swamp:3  | Succumbed to a swamp dragon's poison gas
 40215 | Swamp:3  | Reached XP level 13. HP: -3/63 MP: 14/28
 40231 | Swamp:3  | Killed Bai Suzhen
 40232 | Swamp:3  | Reached XP level 14. HP: 53/67 MP: 16/29
 40235 | Swamp:3  | Noticed a fenstrider witch
 40237 | Swamp:3  | Killed a fenstrider witch
 40247 | Swamp:3  | Noticed a fenstrider witch
 40259 | Swamp:3  | Killed a fenstrider witch
 40875 | Swamp:3  | Noticed a fenstrider witch
 40885 | Swamp:3  | Killed a fenstrider witch
 41474 | Swamp:4  | Entered Level 4 of the Swamp
 41489 | Swamp:4  | Noticed a thorn hunter
 41845 | Swamp:4  | Noticed Mlioglotl
 42052 | Spider:1 | Entered Level 1 of the Spider Nest
 42251 | Spider:1 | Noticed Asterion
 42263 | Spider:1 | Noticed a cacodemon
 42271 | Spider:1 | Killed Asterion
 42666 | Spider:1 | Noticed Roxanne
 43995 | Spider:2 | Noticed Arachne
 44028 | Spider:2 | Killed Arachne
 44029 | Spider:2 | Reached skill level 15 in Dodging
 44397 | Spider:2 | Reached XP level 15. HP: 72/72 MP: 5/31
 44811 | Spider:2 | Slain by an entropy weaver

Illustrated notes

Levels and vault maps discovered:
D:1:      evilmike_arrival_crescent, layout_rooms, serial_rivers,
          chequers_serial_rivers_micro_d, chequers_serial_rivers_small_b,
          chequers_serial_rivers_large_a, chequers_serial_rivers_micro_d,
          minmay_misc_feat_plants, serial_bayou_crossing
D:2:      layout_basic, shapermc_ecumenical_altar_totnotflames
D:3:      layout_basic, chequers_temple_overflow_statue_of_worship,
          kennysheep_orc_sif_temple, serial_shops, nicolae_shop_behind_doors,
          columned_hall_lemuel, uniq_ijyb
D:4:      kennysheep_spiral_hall, layout_basic, amcnicky_altar_gilded,
          uniq_blork_the_orc
D:5:      layout_cave_pools, mainiacjoe_overflow_small_starburst,
          fedhas_altar_1, lemuel_doored_altar, minmay_temple_entry_trees,
          chequers_avenue, minmay_shop_grid_forest
D:6:      layout_basic
D:7:      layout_basic, nemelex_spade_bored_becter, trog_antimagical,
          makhleb_heckhound_becter, uniq_pikel, uniq_joseph
D:8:      layout_loops_ring, mainiacjoe_overflow_alcove_2,
          mainiacjoe_overflow_alcove_4
D:9:      layout_stronghold, tgw_kikubaaqudgha, serial_undead, serial_undead_b,
          serial_undead_e, serial_undead_c, serial_undead_b, uniq_psyche
D:10:     layout_basic, nicolae_overflow_crystal_walls,
          mainiacjoe_overflow_surrounded_room, dpeg_lair_monsters
D:11:     layout_roguey, onia_ninara_cookie, uniq_maurice
D:12:     layout_basic, zombieorc2_lemuel, uniq_jorgrun, uniq_gastronok
D:13:     regret_index_wax_grids, layout_stronghold
D:14:     layout_gridville, grunt_vaults_entry_tiered,
          small_statue_intersection, portal_ice_cave_entry_pillars_1,
          nicolae_looking_at_the_future
D:15:     hangedman_depths_entry_try_elsewhere_first, layout_loops_corners,
          gauntlet_entry_generic, xom_redecorated, minmay_between, uniq_louise,
          uniq_kirke
Temple:   nicolae_temple_little_seven
Lair:1:   layout_regular_city, chequers_serial_rivers_micro_b,
          lemuel_oklob_altar, infiniplex_staircase_pool, grunt_megastairs_3,
          uniq_maggie
Lair:2:   minmay_lair_oklob_chamber, layout_long_grid,
          nicolae_spider_entry_orb_guardian, uniq_amaemon
Lair:3:   layout_regular_city, swamp_mist_pool, grunt_forest_large_clearings,
          lemuel_fruit_tree, serial_bayou_shore_b
Lair:4:   cheibrodos_lair_river_kwai, layout_cave_shapes, slime_entry_1,
          grunt_megastairs_2
Lair:5:   cheibrodos_lair_end_hotspot, layout_regular_city
Swamp:1:  layout_basic_swamp, evilmike_swamp_ruin_house_1
Swamp:2:  layout_falls_marsh, evilmike_swamp_ruin_house_5, swamp_pool4,
          grunt_witch_cave
Swamp:3:  layout_basic_swamp, evilmike_swamp_ruin_rubble_2,
          cheibrodos_swamp_witchery, uniq_bai_suzhen
Swamp:4:  swamp_icy, layout_basic_swamp, swamp_pool2, uniq_mlioglotl
Spider:1: layout_spider_delve, uniq_roxanne, uniq_asterion
Spider:2: layout_spider_delve, spiders_nest_hornet_nest, uniq_arachne
Orc:1:    layout_caves, serial_shops, nicolae_shop_waterfront
Orc:2:    st_orc_rangers, layout_caves, nooodl_orcs_dogs

Skill      XL: |  1  2  3  4  5  6  7  8  9 10 11 12 13 14 15 |
---------------+----------------------------------------------+-----
Summonings     | 5 6 7 8 9 10 11 12 13 14 | 14.8
Hexes          | 2 4 5 |  5.0
Dodging        | 3 4 5 6 8 9 10 12 15 14 | 15.0
Fighting       | 1 2 3 4 5 6 7 9 10 11 | 11.6
Air Magic      | 1 2 4 5 7 8 9 10 | 10.0
Spellcasting   | 3 4 6 7 8 10 11 | 11.5
Evocations     | 1 5 |  5.4
Translocations | 7 13 12 | 13.6
Transmutations | 5 11 10 | 11.7
Unarmed Combat | 4 5 6 |  6.6
Stealth        | |  2.6

Action                   |  1- 3 |  4- 6 |  7- 9 | 10-12 | 13-15 || total
-------------------------+-------+-------+-------+-------+-------++-------
Melee: Unarmed           |    31 |     5 |     6 |    17 |   277 ||   336
       Bite              |     4 |     1 |       |     1 |    45 ||    51
       Punch             |       |       |       |       |     8 ||     8
 Cast: Summon Small Mamm |    86 |    30 |    15 |    13 |    15 ||   159
       Call Imp          |    13 |    10 |    13 |    13 |    38 ||    87
       Call Canine Famil |       |    10 |    28 |    58 |   204 ||   300
       Summon Guardian G |       |     1 |    29 |    72 |   213 ||   315
       Summon Lightning  |       |       |    16 |    95 |   293 ||   404
       Summon Ice Beast  |       |       |       |       |   145 ||   145
       Manifold Assault  |       |       |       |       |    48 ||    48
       Inner Flame       |       |       |       |       |    21 ||    21
       Blink             |       |       |       |       |     9 ||     9
       Malign Gateway    |       |       |       |       |     3 ||     3
       Silence           |       |       |       |       |     1 ||     1
Invok: Call Merchant     |       |       |       |       |     4 ||     4
       Potion Petition   |       |       |       |       |     1 ||     1
Evoke: Wand              |     4 |     1 |     3 |     8 |    39 ||    55
       Box of beasts     |       |       |       |       |     2 ||     2
  Use: Potion            |     1 |       |     1 |     4 |    28 ||    34
       Scroll            |       |     1 |     3 |    14 |    25 ||    43
 Stab: Distracted        |       |       |       |     3 |     7 ||    10
Armor: Skin              |     2 |       |     3 |     6 |    24 ||    35
Dodge: Dodged            |    48 |    20 |    34 |    98 |   784 ||   984
Block: Other             |       |       |     5 |    19 |   177 ||   201
       Reflection        |       |       |     3 |     2 |    21 ||    26

Table legend: (Time is in decaauts)
 A = Elapsed time spent in this place.
 B = Non-inter-level travel time spent in this place.
 C = Inter-level travel time spent in this place.
 D = Time resting spent in this place.
 E = Time spent auto-exploring this place.
 F = Levels seen in this place.
 G = Mean time per level.
                   A        B        C        D        E       F      G
               +--------+--------+--------+--------+--------+-----+--------+
         Total |  41087 |  39914 |   1173 |   3849 |  27960 |  32 | 1284.0 |
       Dungeon |  21827 |  21252 |    575 |   1646 |  15203 |  15 | 1455.1 |
        Temple |     69 |     58 |     11 |      0 |     56 |   1 |   69.0 |
          Lair |   8365 |   8005 |    360 |    493 |   5905 |   5 | 1673.0 |
         Swamp |   4904 |   4767 |    137 |    607 |   3345 |   4 | 1226.0 |
   Spider Nest |   2616 |   2596 |     20 |    420 |   1632 |   2 | 1308.0 |
  Orcish Mines |   2975 |   2908 |     67 |    576 |   1760 |   2 | 1487.5 |
         Abyss |    328 |    328 |      0 |    107 |     59 |   3 |  109.3 |
               +--------+--------+--------+--------+--------+-----+--------+

Top non-repeatable levels by time:
    D:13: 2695 daAuts
  Lair:5: 2139 daAuts
    D:11: 2116 daAuts
    D:15: 2045 daAuts
  Lair:2: 2016 daAuts
    D:14: 1883 daAuts
 Swamp:2: 1863 daAuts
   Orc:1: 1815 daAuts
     D:9: 1723 daAuts
 Swamp:3: 1659 daAuts
     D:7: 1500 daAuts
  Lair:4: 1496 daAuts
Spider:1: 1481 daAuts
     D:6: 1477 daAuts
    D:12: 1401 daAuts
